| TOP OF THE 1ST |
|
University of Illinois Fighting Illini batting - Pitching for University of California Golden Bears : RHP Frank Salinas
|
|
Pitching: RHP Frank Salinas
|
|
|
Batting: SHB Ryan Marsh
|
0-0: Ball 1-0: Ball 2-0: Fly out, F8 (Line Drive, 8LD, EV 88.1 MPH)
|
|
Batting: RHB James Lewis
|
0-0: Ball 1-0: Foul Ball, location: 2F 1-1: Called Strike 1-2: Ball 2-2: Strikes out swinging
|
|
Batting: LHB Stuart Parker
|
0-0: Ball 1-0: Called Strike 1-1: Ball 2-1: Ball 3-1: Called Strike 3-2: DOUBLE (Flyball, 78D, EV 101.2 MPH)
|
|
Batting: RHB D.J. Sheldon
|
0-0: Swinging Strike 0-1: Foul Ball, location: 2F 0-2: Foul Ball, location: 2F 0-2: Ball 1-2: Fly out, F8 (Flyball, 8LD, EV 105.6 MPH)
|
| Top of the 1st over - 0 runs, 1 hit, 0 errors, 1 left on base; University of Illinois 0 - University of California 0 |
| BOTTOM OF THE 1ST |
|
University of California Golden Bears batting - Pitching for University of Illinois Fighting Illini : LHP Eric James
|
|
Pitching: LHP Eric James
|
|
|
Batting: LHB Luis Orellana
|
0-0: Ball 1-0: Foul Ball, location: 2F 1-1: Swinging Strike 1-2: Ball 2-2: SINGLE (Groundball, 34S, EV 73.8 MPH) (infield hit)
|
|
Batting: LHB Mario Molina
|
0-0: Ball Luis Orellana steals 2nd base (no throw) 1-0: Fly out, F8 (Line Drive, 8RM, EV 90.0 MPH)
|
|
Batting: RHB Nate Mahon
|
0-0: Fly out, F8 (Flyball, 8RS, EV 90.0 MPH)
|
|
Batting: LHB Carlos Gaona
|
0-0: Ball 1-0: Fly out, F8 (Flyball, 8RM, EV 81.2 MPH)
|
| Bottom of the 1st over - 0 runs, 1 hit, 0 errors, 1 left on base; University of Illinois 0 - University of California 0 |
| TOP OF THE 2ND |
|
University of Illinois Fighting Illini batting - Pitching for University of California Golden Bears : RHP Frank Salinas
|
|
Batting: RHB Lance Borgen
|
0-0: Called Strike 0-1: SOLO HOME RUN (Flyball, 9D, EV 99.4 MPH), Distance : 367 ft
|
|
Batting: RHB Matt Lapthorne
|
0-0: Ball 1-0: Ball 2-0: Ball 3-0: Base on Balls
|
|
Batting: RHB Omar Cruz
|
0-0: Ball 1-0: Called Strike 1-1: Ball 2-1: Ball 3-1: Called Strike 3-2: Foul Ball, location: 2F 3-2: Foul Ball, location: 2F 3-2: Base on Balls Matt Lapthorne to second
|
|
Batting: RHB Joe Kirschner
|
0-0: Called Strike 0-1: Ball 1-1: Called Strike 1-2: Strikes out swinging
|
|
Batting: RHB Bobby Merritt
|
0-0: Ball 1-0: Ball 2-0: Ball Wild Pitch! Matt Lapthorne to third Omar Cruz to second 3-0: Base on Balls
|
|
Batting: SHB Ryan Marsh
|
0-0: DOUBLE (Line Drive, 8LXD, EV 103.8 MPH) Matt Lapthorne scores Omar Cruz scores Bobby Merritt to third
|
|
Pinch Runner at 2nd Eddie Castro:
|
|
|
Batting: RHB James Lewis
|
0-0: Called Strike 0-1: Swinging Strike 0-2: Strikes out swinging
|
|
Batting: LHB Stuart Parker
|
0-0: Ball 1-0: Called Strike 1-1: Ball 2-1: Fly out, F9 (Flyball, 9D, EV 83.1 MPH)
|
| Top of the 2nd over - 3 runs, 2 hits, 0 errors, 2 left on base; University of Illinois 3 - University of California 0 |
| BOTTOM OF THE 2ND |
|
University of California Golden Bears batting - Pitching for University of Illinois Fighting Illini : LHP Eric James
|
|
Now at SS: Eddie Castro
|
|
|
Batting: RHB Jason Béllanger
|
0-0: Foul Ball, location: 2F 0-1: SINGLE (Groundball, 56D, EV 101.9 MPH)
|
|
Batting: RHB Mike Wilson
|
0-0: Ball 1-0: Fly out, F6 (Popup, 6MD, EV 53.1 MPH)
|
|
Batting: SHB Nick Jansen
|
0-0: DOUBLE (Line Drive, 9LD, EV 101.2 MPH) Jason Béllanger to third
|
|
Batting: RHB Marcos Zamora
|
0-0: Ball 1-0: Ball 2-0: Ball 3-0: Called Strike 3-1: Foul Ball, location: 2F 3-2: DOUBLE (Line Drive, 78M, EV 106.2 MPH) Jason Béllanger scores Nick Jansen scores
|
|
Batting: RHB Jake Ralston
|
0-0: Fly out, F6 (Popup, 6MD, EV 57.5 MPH)
|
|
Batting: LHB Luis Orellana
|
0-0: Ball 1-0: Ball 2-0: Called Strike 2-1: Swinging Strike 2-2: Strikes out swinging
|
| Bottom of the 2nd over - 2 runs, 3 hits, 0 errors, 1 left on base; University of Illinois 3 - University of California 2 |
| TOP OF THE 3RD |
|
University of Illinois Fighting Illini batting - Pitching for University of California Golden Bears : RHP Frank Salinas
|
|
Batting: RHB D.J. Sheldon
|
0-0: Called Strike 0-1: Foul Ball, location: 2F 0-2: Ball 1-2: Foul Ball, location: 2F 1-2: Ball 2-2: SOLO HOME RUN (Line Drive, 7D, EV 103.8 MPH), Distance : 417 ft
|
|
Batting: RHB Lance Borgen
|
0-0: Ball 1-0: SINGLE (Groundball, 4, EV 95.6 MPH)
|
|
Batting: RHB Matt Lapthorne
|
0-0: Called Strike 0-1: Ball 1-1: Swinging Strike 1-2: Ball 2-2: Ball 3-2: Strikes out swinging
|
|
Batting: RHB Omar Cruz
|
0-0: Ball 1-0: Called Strike 1-1: Called Strike 1-2: Strikes out swinging
|
|
Batting: RHB Joe Kirschner
|
0-0: Ball 1-0: Ground out 4-3 (Groundball, 4M, EV 101.9 MPH)
|
| Top of the 3rd over - 1 run, 2 hits, 0 errors, 1 left on base; University of Illinois 4 - University of California 2 |
| BOTTOM OF THE 3RD |
|
University of California Golden Bears batting - Pitching for University of Illinois Fighting Illini : LHP Eric James
|
|
Batting: LHB Mario Molina
|
0-0: Ball 1-0: Foul Ball, location: 2F 1-1: Ball 2-1: Swinging Strike 2-2: Foul Ball, location: 2F 2-2: Ball 3-2: Ground out 6-3 (Groundball, 56, EV 105.0 MPH)
|
|
Batting: RHB Nate Mahon
|
0-0: Foul Ball, location: 2F 0-1: Called Strike 0-2: Foul Ball, location: 2F 0-2: Fly out, F5 (Popup, 56, EV 57.5 MPH)
|
|
Batting: LHB Carlos Gaona
|
0-0: Called Strike 0-1: Fly out, F7 (Line Drive, 7S, EV 88.8 MPH)
|
| Bottom of the 3rd over - 0 runs, 0 hits, 0 errors, 0 left on base; University of Illinois 4 - University of California 2 |
| TOP OF THE 4TH |
|
University of Illinois Fighting Illini batting - Pitching for University of California Golden Bears : RHP Frank Salinas
|
|
Batting: RHB Bobby Merritt
|
0-0: Ball 1-0: Ball 2-0: Ball 3-0: Called Strike 3-1: Base on Balls
|
|
Batting: LHB Eddie Castro
|
0-0: Fly out, F8 (Flyball, 8RD, EV 104.4 MPH)
|
|
Batting: RHB James Lewis
|
0-0: Called Strike 0-1: Ball 1-1: Foul Ball, location: 2F 1-2: Fielders Choice at 2nd, 2-6 (Groundball, 2R, EV 71.9 MPH)
|
|
Pinch Hitting: RHB Lynn Shere
|
0-0: Ball 1-0: Ball 2-0: Swinging Strike 2-1: Foul Ball, location: 2F 2-2: Ball James Lewis steals 2nd base 3-2: Strikes out looking
|
| Top of the 4th over - 0 runs, 0 hits, 0 errors, 1 left on base; University of Illinois 4 - University of California 2 |
| BOTTOM OF THE 4TH |
|
University of California Golden Bears batting - Pitching for University of Illinois Fighting Illini : LHP Eric James
|
|
Now in CF: Lynn Shere
|
|
|
Batting: RHB Jason Béllanger
|
0-0: Ball 1-0: Foul Ball, location: 2F 1-1: Ball 2-1: Swinging Strike 2-2: Foul Ball, location: 2F 2-2: Foul Ball, location: 2F 2-2: Ball 3-2: Base on Balls
|
|
Batting: RHB Mike Wilson
|
0-0: Ball 1-0: Ball 2-0: Ball 3-0: Base on Balls Jason Béllanger to second
|
|
Batting: SHB Nick Jansen
|
0-0: Called Strike 0-1: SINGLE (Groundball, 6MD, EV 100.0 MPH) Jason Béllanger to third Mike Wilson to second
|
|
Pitching: LHP Adam Green
|
|
|
Batting: RHB Marcos Zamora
|
0-0: Ball 1-0: Ball 2-0: Swinging Strike 2-1: Foul Ball, location: 2F 2-2: DOUBLE (Line Drive, 89M, EV 106.2 MPH) Jason Béllanger scores Mike Wilson scores Nick Jansen to third Runner from 3rd tries for Home, SAFE, no throw by CF
|
|
Batting: RHB Jake Ralston
|
0-0: Ball 1-0: Ball 2-0: Swinging Strike 2-1: Called Strike 2-2: Ball 3-2: Foul Ball, location: 2F 3-2: Base on Balls
|
|
Batting: LHB Luis Orellana
|
0-0: Called Strike 0-1: Fly out, F3 (Popup, 3SF, EV 85.6 MPH)
|
|
Batting: LHB Mario Molina
|
0-0: Called Strike 0-1: Ball 1-1: Ball 2-1: Foul Ball, location: 2F 2-2: 3-RUN HOME RUN (Flyball, 9LD, EV 93.1 MPH), Distance : 345 ft
|
|
Pitching: RHP Mo Teoh
|
|
|
Batting: RHB Nate Mahon
|
0-0: Ball 1-0: Fly out, F3 (Line Drive, 34D, EV 63.1 MPH)
|
|
Pinch Hitting: RHB Juan Debayle
|
0-0: Ball 1-0: Ball 2-0: Called Strike 2-1: Called Strike 2-2: Fly out, F9 (Flyball, 9LMF, EV 85.6 MPH)
|
| Bottom of the 4th over - 6 runs, 3 hits, 0 errors, 0 left on base; University of Illinois 4 - University of California 8 |
| TOP OF THE 5TH |
|
University of Illinois Fighting Illini batting - Pitching for University of California Golden Bears : RHP Frank Salinas
|
|
Pitching: RHP Sam Price
|
|
|
Now at 1B: Jonathan Sosa
|
|
|
Now in RF: Juan Debayle
|
|
|
Batting: RHB D.J. Sheldon
|
0-0: Foul Ball, location: 2F 0-1: Ball 1-1: Fly out, F8 (Flyball, 8RXD, EV 76.9 MPH)
|
|
Batting: RHB Lance Borgen
|
0-0: Ball 1-0: Swinging Strike 1-1: Ball 2-1: Ball 3-1: Base on Balls
|
|
Batting: RHB Matt Lapthorne
|
0-0: Ball 1-0: Called Strike 1-1: Foul Ball, location: 2F 1-2: Fly out, F7 (Flyball, 78M, EV 91.9 MPH)
|
|
Batting: SHB Bernie Gallegos
|
0-0: Foul Ball, location: 2F 0-1: Foul Ball, location: 2F 0-2: Ball 1-2: Foul Ball, location: 2F 1-2: 2-RUN HOME RUN (Flyball, 8LXD, EV 118.1 MPH), Distance : 478 ft
|
|
Batting: RHB Joe Kirschner
|
0-0: Called Strike 0-1: Ball 1-1: Foul Ball, location: 2F 1-2: Ground out 4-3 (Groundball, 4, EV 87.5 MPH)
|
| Top of the 5th over - 2 runs, 1 hit, 0 errors, 0 left on base; University of Illinois 6 - University of California 8 |
| BOTTOM OF THE 5TH |
|
University of California Golden Bears batting - Pitching for University of Illinois Fighting Illini : RHP Mo Teoh
|
|
Now at 2B: Matt Highfill
|
|
|
Now at 3B: Hector Flores
|
|
|
Batting: RHB Luis Rojas
|
0-0: Ball 1-0: Ground out 1-3 (Groundball, 13, EV 61.2 MPH)
|
|
Batting: RHB Mike Wilson
|
0-0: Called Strike 0-1: Ground out 6-3 (Groundball, 6, EV 97.5 MPH)
|
|
Batting: SHB Nick Jansen
|
0-0: SOLO HOME RUN (Flyball, 9LD, EV 96.9 MPH), Distance : 360 ft
|
|
Batting: RHB Marcos Zamora
|
0-0: Ball 1-0: Foul Ball, location: 2F 1-1: Ball 2-1: Called Strike 2-2: Ground out 6-3 (Groundball, 6S, EV 86.2 MPH)
|
| Bottom of the 5th over - 1 run, 1 hit, 0 errors, 0 left on base; University of Illinois 6 - University of California 9 |
| TOP OF THE 6TH |
|
University of Illinois Fighting Illini batting - Pitching for University of California Golden Bears : RHP Sam Price
|
|
Pitching: LHP Dave Coleman
|
|
|
Batting: RHB Bobby Merritt
|
0-0: Called Strike 0-1: Called Strike 0-2: Strikes out swinging
|
|
Batting: LHB Eddie Castro
|
0-0: Called Strike 0-1: Ball 1-1: SOLO HOME RUN (Flyball, 89XD, EV 113.1 MPH), Distance : 424 ft
|
|
Batting: RHB James Lewis
|
0-0: Swinging Strike 0-1: Ball 1-1: Called Strike 1-2: Strikes out swinging
|
|
Batting: RHB Lynn Shere
|
0-0: Called Strike 0-1: Ball 1-1: Foul Ball, location: 2F 1-2: Strikes out swinging
|
| Top of the 6th over - 1 run, 1 hit, 0 errors, 0 left on base; University of Illinois 7 - University of California 9 |
| BOTTOM OF THE 6TH |
|
University of California Golden Bears batting - Pitching for University of Illinois Fighting Illini : RHP Mo Teoh
|
|
Pitching: RHP Ben Robinson
|
|
|
Now at C: Cody Hale Jr.
|
|
|
Batting: RHB Jake Ralston
|
0-0: Called Strike 0-1: Ball 1-1: Ball 2-1: Ball 3-1: Foul Ball, location: 2F 3-2: Foul Ball, location: 2F 3-2: Base on Balls
|
|
Batting: LHB Luis Orellana
|
0-0: Fly out, F8 (Flyball, 8RD, EV 100.6 MPH)
|
|
Batting: LHB Mario Molina
|
0-0: Ball 1-0: DOUBLE (Line Drive, 78D, EV 107.5 MPH) Jake Ralston to third
|
|
Batting: LHB Jonathan Sosa
|
0-0: Ground out U3 (Groundball, 34S, EV 81.9 MPH) Jake Ralston scores Mario Molina to third
|
|
Pitching: RHP Joe Seekatz
|
|
|
Batting: RHB Juan Debayle
|
0-0: Called Strike 0-1: Called Strike 0-2: Strikes out swinging
|
| Bottom of the 6th over - 1 run, 1 hit, 0 errors, 1 left on base; University of Illinois 7 - University of California 10 |
| TOP OF THE 7TH |
|
University of Illinois Fighting Illini batting - Pitching for University of California Golden Bears : LHP Dave Coleman
|
|
Pitching: RHP Jim Plessis
|
|
|
Batting: RHB D.J. Sheldon
|
0-0: Foul Ball, location: 2F 0-1: Ball 1-1: Swinging Strike 1-2: Strikes out swinging
|
|
Batting: LHB Matt Highfill
|
0-0: SINGLE (Flyball, 7LS, EV 87.5 MPH)
|
|
Batting: RHB Hector Flores
|
0-0: Ball 1-0: Fly out, F9 (Flyball, 89M, EV 91.2 MPH)
|
|
Batting: SHB Bernie Gallegos
|
0-0: Called Strike 0-1: Ball 1-1: Ball 2-1: Ball 3-1: Base on Balls Matt Highfill to second
|
|
Batting: RHB Joe Kirschner
|
0-0: Ball Wild Pitch! Matt Highfill to third Bernie Gallegos to second 1-0: Fly out, F8 (Flyball, 8RD, EV 90.0 MPH)
|
| Top of the 7th over - 0 runs, 1 hit, 0 errors, 2 left on base; University of Illinois 7 - University of California 10 |
| BOTTOM OF THE 7TH |
|
University of California Golden Bears batting - Pitching for University of Illinois Fighting Illini : RHP Joe Seekatz
|
|
Batting: RHB Luis Rojas
|
0-0: Called Strike 0-1: Swinging Strike 0-2: DOUBLE (Flyball, 78D, EV 89.4 MPH)
|
|
Batting: RHB Mike Wilson
|
0-0: Ball 1-0: Ground out 1-3 (Groundball, 13, EV 63.1 MPH) Luis Rojas to third
|
|
Batting: SHB Nick Jansen
|
0-0: Ball 1-0: Swinging Strike 1-1: Ball 2-1: Foul Ball, location: 2F 2-2: Strikes out swinging
|
|
Batting: RHB Marcos Zamora
|
0-0: Called Strike 0-1: Foul Ball, location: 2F 0-2: Ball 1-2: SINGLE (Groundball, 56D, EV 96.9 MPH) Luis Rojas scores
|
|
Batting: RHB Jake Ralston
|
0-0: Ball 1-0: Ball 2-0: Called Strike 2-1: Called Strike 2-2: Fly out, F9 (Flyball, 9S, EV 88.8 MPH)
|
| Bottom of the 7th over - 1 run, 2 hits, 0 errors, 1 left on base; University of Illinois 7 - University of California 11 |
| TOP OF THE 8TH |
|
University of Illinois Fighting Illini batting - Pitching for University of California Golden Bears : RHP Jim Plessis
|
|
Pitching: RHP Steve Clothier
|
|
|
Batting: SHB Cody Hale Jr.
|
0-0: Called Strike 0-1: Fly out, F7 (Flyball, 7D, EV 100.0 MPH)
|
|
Batting: LHB Eddie Castro
|
0-0: Ball 1-0: Called Strike 1-1: Called Strike 1-2: Foul Ball, location: 2F 1-2: Strikes out swinging
|
|
Batting: RHB James Lewis
|
0-0: Called Strike 0-1: Ball 1-1: Ball 2-1: Ball 3-1: Ground out 6-3 (Groundball, 6, EV 100.6 MPH)
|
| Top of the 8th over - 0 runs, 0 hits, 0 errors, 0 left on base; University of Illinois 7 - University of California 11 |
| BOTTOM OF THE 8TH |
|
University of California Golden Bears batting - Pitching for University of Illinois Fighting Illini : RHP Joe Seekatz
|
|
Pitching: RHP Ross Ledford
|
|
|
Batting: LHB Luis Orellana
|
0-0: Called Strike 0-1: Ball 1-1: Foul Ball, location: 2F 1-2: Foul Ball, location: 2F 1-2: Ball 2-2: Foul Ball, location: 2F 2-2: Ball 3-2: Foul Ball, location: 2F 3-2: SINGLE (Line Drive, 56, EV 104.4 MPH)
|
|
Batting: LHB Mario Molina
|
0-0: Ball 1-0: Bunted foul 1-1: Sac Bunt to 13S - play at first, batter OUT! 1-3 Luis Orellana to second
|
|
Batting: LHB Jonathan Sosa
|
0-0: Called Strike 0-1: SINGLE (Line Drive, 78S, EV 106.2 MPH) Luis Orellana to third Runner from 3rd tries for Home, SAFE, throw by CF to home
|
|
Batting: RHB Juan Debayle
|
0-0: Ball 1-0: Called Strike 1-1: Ball 2-1: Ball 3-1: Base on Balls Jonathan Sosa to second
|
|
Batting: RHB Luis Rojas
|
0-0: Foul Ball, location: 2F 0-1: Ball 1-1: Swinging Strike 1-2: Ball 2-2: Strikes out swinging
|
|
Pitching: LHP Ryan Bradshaw
|
|
|
Batting: RHB Mike Wilson
|
0-0: Called Strike 0-1: Ball 1-1: Fly out, F9 (Line Drive, 9, EV 99.4 MPH)
|
| Bottom of the 8th over - 1 run, 2 hits, 0 errors, 2 left on base; University of Illinois 7 - University of California 12 |
| TOP OF THE 9TH |
|
University of Illinois Fighting Illini batting - Pitching for University of California Golden Bears : RHP Steve Clothier
|
|
Pitching: RHP Luis Lopez
|
|
|
Batting: RHB Lynn Shere
|
0-0: Called Strike 0-1: Swinging Strike 0-2: Ball 1-2: Ball 2-2: Foul Ball, location: 2F 2-2: Ball 3-2: Base on Balls
|
|
Batting: RHB D.J. Sheldon
|
0-0: Ball 1-0: Foul Ball, location: 2F 1-1: Swinging Strike 1-2: Fly out, F7 (Flyball, 7D, EV 83.8 MPH)
|
|
Batting: LHB Matt Highfill
|
0-0: Ball 1-0: Ball 2-0: Swinging Strike 2-1: Foul Ball, location: 2F 2-2: Foul Ball, location: 2F 2-2: Ball 3-2: Foul Ball, location: 2F 3-2: Strikes out swinging Lynn Shere is caught stealing 2nd base 2-6 Batter strikes out.
|
| Top of the 9th over - 0 runs, 0 hits, 0 errors, 0 left on base; University of Illinois 7 - University of California 12 |
|